 Dungeon Crawl Stone Soup version 0.31-a0-408-gb642c7f9a3 (webtiles) character file.

Game seed: 574464478410785052

75 drugrobin the Sneak (level 3, -1/30 HPs)
             Began as a Demigod Delver on July 30, 2023.
             Slain by Ijyb
             ... wielding a +0 club
              (3 damage)
             ... on level 4 of the Dungeon.
             The game lasted 00:01:18 (188 turns).

drugrobin the Sneak (Demigod Delver)                 Turns: 188, Time: 00:01:19

Health: -1/30      AC:  4    Str: 17    XL:     3   Next: 88%
Magic:  5/5        EV: 10    Int: 12    God:
Gold:   31         SH:  7    Dex: 15    Spells: 2/2 levels left

rFire   . . .        a - +2 hand axe (elec)
rCold   . . .        j - +0 kite shield
rNeg    . . .        b - +0 leather armour
rPois   .            (no helmet)
rElec   .            (no cloak)
rCorr   .            k - +0 pair of gloves
SInv    .            (no boots)
Will    .....        (no amulet)
Stlth   +++          (no ring)
HPRegen 0.25/turn    (no ring)
MPRegen 0.09/turn

%: no passive effects
@: no status effects
A: high MP 1, forlorn, divine attributes
a: no special abilities


You were on level 4 of the Dungeon.
You visited 1 branch of the dungeon, and saw 2 of its levels.

You collected 31 gold pieces.

Inventory:

Hand Weapons
 a - a +2 hand axe of electrocution (weapon)
 i - a +0 hand axe
Armour
 b - a +0 leather armour (worn)
 j - a +0 kite shield (worn)
 k - a +0 pair of gloves (worn)
Wands
 g - a wand of digging (3)
Scrolls
 c - a scroll of fog
 d - a scroll of revelation
 e - a scroll of fear
 h - a scroll of enchant weapon {unknown}
Potions
 f - a potion of haste


   Skills:
 - Level 2.6 Fighting
 + Level 4.0 Axes
 - Level 1.7 Dodging
 - Level 4.5 Stealth


You had 2 spell levels left.
You didn't know any spells.
Your spell library was empty.

Dungeon Overview and Level Annotations

Branches:
Dungeon (5/15)
 Temple: D:4-7

Annotations:
D:4 Ijyb, Robin


Innate Abilities, Weirdness & Mutations

You have an increased reservoir of magic. (+10% MP)
You shall have no god before yourself.
Your divine heritage dramatically boosts your attributes as you level up.


Message History

You closely miss Ijyb.
Ijyb is severely wounded.
Ijyb misses you. Ijyb hits you with a +0 club.
You hit Ijyb but do no damage.
Ijyb is severely wounded.
Ijyb hits you with a +0 club.
* * * LOW HITPOINT WARNING * * *
You closely miss Ijyb.
Ijyb is severely wounded.
You block Ijyb's attack.
You hit Ijyb.
Ijyb is almost dead.
Ijyb hits you with a +0 club.
* * * LOW HITPOINT WARNING * * *
Ijyb closely misses you.
You hit Ijyb.
Ijyb is almost dead.
Ijyb closely misses you.
Unknown command.
Unknown command.
You hit Ijyb but do no damage.
Ijyb is almost dead.
Ijyb hits you with a +0 club.
* * * LOW HITPOINT WARNING * * *
Unknown command.
Unknown command.
Unknown command.
Unknown command.
Unknown command.
Unknown command.
Unknown command.
You hit Ijyb but do no damage.
Ijyb is almost dead.
You block Ijyb's attack.
Unknown command.
Unknown command.
You barely miss Ijyb.
Ijyb is almost dead.
Ijyb hits you with a +0 club.
You die...

#.. ...# ... #..
... ##. #.# #.#
# #
####.###.##.#
#.>.........#
#.##...#.####
#.##.##.##...#.#
#..........#.#>#
#..#.##.######@#
# #.# #..g...#
#.# #.#.##.# #.#
#.#.# # #.# #
#.# #.# #.# #..
#.. ###


You could see Ijyb.

Vanquished Creatures
  A scorpion (D:5)
  An adder (D:5)
  3 hobgoblins
  6 goblins
11 creatures vanquished.

Notes
Turn   | Place    | Note
-------+----------+-------------------------------------------
     0 | D:5      | drugrobin the Demigod Delver began the quest for the Orb.
     0 | D:5      | Reached XP level 1. HP: 18/18 MP: 3/3
    40 | D:4      | Noticed Robin
    83 | D:4      | Noticed an iguana
    88 | D:5      | Reached XP level 2. HP: 24/25 MP: 4/4
   107 | D:5      | Noticed a scorpion
   115 | D:5      | Killed a scorpion
   116 | D:5      | Reached XP level 3. HP: 30/30 MP: 5/5
   159 | D:4      | Noticed Ijyb
   188 | D:4      | Slain by Ijyb

Illustrated notes

Levels and vault maps discovered:
D:4:      layout_basic, uniq_ijyb, uniq_robin
D:5:      minmay_inner_zag, layout_rooms, fedhas_altar_1,
          minmay_temple_entry_arrows, uniq_crazy_yiuf_cottage

Skill      XL: |  1  2  3 |
---------------+----------+-----
Axes           | 2 3 4 |  4.0
Fighting       | |  2.6
Dodging        | |  1.7
Stealth        | |  4.5

Action                     || total
---------------------------++-------
  Melee: Hand axe          ||    41
   Stab: Sleeping          ||     1
 Armour: Leather armour    ||     4
  Dodge: Dodged            ||    20
  Block: Kite shield       ||     7

Table legend: (Time is in decaauts)
 A = Elapsed time spent in this place.
 B = Non-inter-level travel time spent in this place.
 C = Inter-level travel time spent in this place.
 D = Time resting spent in this place.
 E = Time spent auto-exploring this place.
 F = Levels seen in this place.
 G = Mean time per level.
                   A        B        C        D        E       F      G
               +--------+--------+--------+--------+--------+-----+--------+
         Total |    197 |    197 |      0 |     29 |      9 |   2 |   98.5 |
       Dungeon |    197 |    197 |      0 |     29 |      9 |   2 |   98.5 |
               +--------+--------+--------+--------+--------+-----+--------+

Top non-repeatable levels by time:
     D:5: 127 daAuts
     D:4: 70 daAuts
